 Dungeon Crawl Stone Soup version 0.30.1-1-g62c8e00024 (webtiles) character file.

Game seed: 2320512501884293426

115 spardeous the Ducker (level 4, -2/18 HPs)
             Began as a Felid Earth Elementalist on July 15, 2023.
             Slain by a water moccasin (4 damage)
             ... on level 4 of the Dungeon.
             The game lasted 00:03:19 (1528 turns).

spardeous the Ducker (Felid Earth Elementalist)     Turns: 1528, Time: 00:03:20

Health: -2/18      AC:  1    Str:  4    XL:     4   Next: 68%
Magic:  5/8        EV: 19    Int: 18    God:
Gold:   81         SH:  0    Dex: 16    Spells: 3/7 levels left
                                        Lives:  0   Deaths: 1

rFire   . . .        (weapon unavailable)
rCold   . . .        (shield unavailable)
rNeg    . . .        (body armour unavailable)
rPois   .            (helmet unavailable)
rElec   .            (cloak unavailable)
rCorr   .            (gloves unavailable)
SInv    +            (boots unavailable)
Will    .....        (no amulet)
Stlth   ++           (no ring)
HPRegen 0.23/turn    (no ring)
MPRegen 0.11/turn

%: no passive effects
@: very slightly contaminated, quick
A: very small, claws 1, fangs 3, see invisible, speed 1, shaggy fur 1, stealthy
paws, no weapons or thrown items, no armour, multi-lived
a: no special abilities


You were on level 4 of the Dungeon.
You visited 1 branch of the dungeon, and saw 4 of its levels.

You collected 81 gold pieces.

Inventory:

Scrolls
 d - a scroll of noise {unknown}
 e - a scroll of fear {unknown}
 f - 2 scrolls of magic mapping {unknown}
Potions
 a - 2 potions of magic
 b - 2 potions of attraction {unknown}
 c - 2 potions of mutation {unknown}


   Skills:
 + Level 5.4 Dodging
 - Level 2.6 Stealth
 - Level 2.0 Spellcasting
 - Level 1.1 Transmutations
 + Level 4.2 Earth Magic


You had 3 spell levels left.
You knew the following spells:

 Your Spells              Type           Power      Damage    Failure   Level
a - Sandblast             Erth           34%        2d9       3%          1
b - Stone Arrow           Conj/Erth      18%        3d8       22%         3

Your spell library contained the following spells:

 Spells                   Type           Power      Damage    Failure   Level
 Passwall                 Tmut/Erth      9%         N/A       9%          2
 Kiss of Death            Conj/Necr      4%         2d5       19%         1
 Summon Small Mammal      Summ           4%         N/A       19%         1
 Ensorcelled Hibernation  Hex/Ice        2%         N/A       26%         2
 Call Canine Familiar     Summ           1%         N/A       47%         3
 Confusing Touch          Hex            1%         N/A       47%         3
 Summon Guardian Golem    Hex/Summ       1%         N/A       47%         3
 Swiftness                Air            1%         N/A       47%         3
 Petrify                  Tmut/Erth      11%        N/A       52%         4
 Dispel Undead            Necr           1%         3d6       87%         4


Dungeon Overview and Level Annotations

Branches:
Dungeon (4/15)
 Temple: D:4-7

Altars:

Annotations:
D:4 3 runed translucent doors, Dowan; Duvessa; LynnLen's ghost, amateur SpEn; mwobee's ghost, amateur DrDe


Innate Abilities, Weirdness & Mutations

You have sharp claws.
You have razor-sharp teeth.
You have supernaturally acute eyesight. (SInv)
You cover ground quickly. (Speed+)
You are covered in fur. (AC +1)
Your paws help you pounce on unaware monsters.
You are incapable of wielding weapons or throwing items.
You cannot wear armour.
You gain extra lives every three experience levels.


Message History

Casting: Sandblast (safe; 3% risk of failure)
Confirm with . or Enter, or press ? or * to list all spells.
Aiming: Sandblast (safe; 3% risk of failure)
Press: ? - help, Shift-Dir - straight line, f/p - sleepcap
Aim: a sleepcap (100% to hit)
The blast of sand misses the jackal.
The blast of sand hits the jackal.
You kill the jackal!
The jackal barely misses you.
Casting: Sandblast (safe; 3% risk of failure)
Confirm with . or Enter, or press ? or * to list all spells.
Aiming: Sandblast (safe; 3% risk of failure)
Press: ? - help, Shift-Dir - straight line, f/p - sleepcap
Aim: a sleepcap (100% to hit)
You miscast Sandblast.
Nothing appears to happen.
The jackal barely misses you. The adder closely misses you.
The sleepcap releases spores at you.
You are engulfed in a cloud of soporific spores!
You fall asleep.
The jackal bites you.
You wake up.
The adder closely misses you.
A water moccasin comes into view.
The jackal attacks as you move away! The jackal barely misses you.
The giant cockroach bites you.
* * * LOW HITPOINT WARNING * * *
The adder completely misses you. The jackal attacks as you move away!
The jackal completely misses you.
Found 14 gold pieces and a red potion.
Found 14 gold pieces.
The water moccasin hisses angrily.
The jackal attacks as you move away! The jackal barely misses you.
The water moccasin completely misses you.
Mwobee's ghost lets out a mournful wail.
The water moccasin bites you.
* * * LOW HITPOINT WARNING * * *
The jackal completely misses you.
The water moccasin attacks as you move away!
The water moccasin misses you. The jackal misses you.
The giant cockroach completely misses you.
The water moccasin attacks as you move away!
The water moccasin bites you.
You die...

##. ...... #........... #
##...#.# ###.........
#####...##.#### #.........
#...#.........###.........
†..<#..#.......#..........
.........##...)...........
............###...........
...$#............####.....
....#.........SB@# #..#.
.....#.....f...hS### ..#
.....#....g..s.....# ##
......##...........#
.........####+++####
.....#.#.#P...W.W.P#
##.#####.#⌠.......⌠# ...#
..#P.......P# ...#
.##........$#


You could see a water moccasin, a sleepcap, a scorpion, LynnLen's ghost,
mwobee's ghost, an adder, a jackal, a giant cockroach and a hobgoblin.

Vanquished Creatures
  An orc priest (D:3)
  A hound (D:4)
  An orc wizard (D:3)
  4 adders
  A dart slug (D:3)
  2 orcs (D:3)
  2 ball pythons (D:1)
  3 endoplasms
  2 giant cockroaches
  6 goblins
  5 hobgoblins
  5 jackals
  A kobold (D:1)
  2 quokkas
  3 frilled lizards
  2 rats (D:1)
41 creatures vanquished.

Notes
Turn   | Place    | Note
-------+----------+-------------------------------------------
     0 | D:1      | spardeous the Felid Earth Elementalist began the quest for
                  | the Orb.
     0 | D:1      | Reached XP level 1. HP: 7/7 MP: 4/4
    73 | D:1      | Reached skill level 3 in Dodging
   145 | D:1      | Reached XP level 2. HP: 11/11 MP: 0/6
   465 | D:2      | Reached XP level 3. HP: 14/14 MP: 4/7
   469 | D:2      | Learned a level 3 spell: Stone Arrow
   661 | D:2      | Reached skill level 4 in Dodging
   905 | D:3      | Reached XP level 4. HP: 4/18 MP: 3/8
   970 | D:3      | Slain by an orc wizard
   971 | D:3      | Reached XP level 3. HP: -1/14 MP: 4/7
  1017 | D:3      | Reached skill level 5 in Dodging
  1059 | D:3      | Reached XP level 4. HP: 18/18 MP: 4/8
  1342 | D:4      | Noticed an ogre
  1395 | D:4      | Noticed Dowan
  1397 | D:4      | Noticed a scorpion
  1430 | D:4      | Noticed Duvessa
  1446 | D:4      | Found a runed translucent gate.
  1446 | D:4      | Found a runed translucent gate.
  1446 | D:4      | Found a runed translucent gate.
  1447 | D:4      | Noticed mwobee's ghost (amateur DrDe)
  1448 | D:4      | Noticed LynnLen's ghost (amateur SpEn)
  1518 | D:4      | Noticed a water moccasin
  1528 | D:4      | Slain by a water moccasin

Illustrated notes

Levels and vault maps discovered:
D:1:      co_arrival_square_in_a_square_in_a_square, layout_rooms,
          nicolae_titane
D:2:      layout_loops_ring, ebering_ecumenical_altar_petrified,
          serial_bayou_crossing
D:3:      layout_loops_cross, brannock_xom_greatest_gift
D:4:      layout_cave_pools, gammafunk_ghost_cemetery, uniq_duvessa

Skill      XL: |  1  2  3 |
---------------+----------+-----
Dodging        | 3 5 |  5.4
Earth Magic    | 3 4 |  4.2
Stealth        | |  2.6
Spellcasting   | |  2.0
Transmutations | |  1.1

Action                     |  1- 3 |  4- 6 || total
---------------------------+-------+-------++-------
  Melee: Unarmed           |     4 |       ||     4
   Cast: Sandblast         |    49 |    24 ||    73
 Armour: Skin              |       |     1 ||     1
  Dodge: Dodged            |    23 |    37 ||    60
